 Dungeon Crawl Stone Soup version 0.31-a0-4-gefa6de2278 (webtiles) character file.

Game seed: 6847178590013383831

15307 ytrimaz the Nimble (level 12, 0/132 HPs)
             Began as a Djinni Fire Elementalist on May 3, 2023.
             Was a Believer of Ashenzari.
             Slain by an elephant (8 damage)
             ... in a Gauntlet.
             The game lasted 00:21:36 (11860 turns).

ytrimaz the Nimble (Djinni Fire Elementalist)      Turns: 11860, Time: 00:21:36

Health: 0/132      AC: 26    Str:  7    XL:     12   Next: 56%
Gold:   788        EV:  2    Int: 21    God:    Ashenzari [**....] SH:  0 Dex: 15

rFire   . . .        t - staff of poison
rCold   . . .        (no shield)
rNeg    . . .        n - melded +0 troll leather armour
rPois   ∞            f - melded +0 helmet "I Foresaw This" {Fort, Cun} (curse)
rElec   .            (cloak currently unavailable)
rCorr   +            c - melded +0 pair of gloves of Cremastomancy {Range, Melee} (curse)
SInv    +            (boots unavailable)
Will    +....        p - amulet of faith
Stlth   ++           A - ring "Perceptive Gnosis" {rCorr, Cun, Self} (curse)
HPRegen 0.42/turn    F - ring of see invisible
MPRegen 0.00/turn

%: no teleportation, faith, infuse magic (-1 HP)
@: tree-form, slowed, very slow
A: stationary, stasis, torment immunity, boosted hp, sickness immunity, (fire
resistance 2), (cold vulnerability 1), float, innate caster, HP casting, extra
vitality 1
a: Renounce Religion, Curse Item, Shatter the Chains


You were in a Gauntlet.
You worshipped Ashenzari.
Ashenzari was pleased with you.
You were a tree.
You visited 2 branches of the dungeon, and saw 13 of its levels.
You also visited: Gauntlet.

You collected 853 gold pieces.
You spent 65 gold pieces at shops.


Innate Abilities, Weirdness & Mutations

You are a tree.
Your roots penetrate the ground, keeping you stationary.
You cannot be teleported.
You are immune to unholy pain and torment.
Your maximum health is greatly increased.
Your equipment is partially melded.
You are immune to sickness and miasma.
You are immune to poison.
((Your flesh is very heat resistant. (rF++)))
((You are vulnerable to cold. (rC-)))
You float through the air rather than walking.
You learn spells naturally, not from books.
Your magical power is your life essence.
You have superior vitality. (+4 MHP)


   Skills:
 + Level 7.4(8.6) Fighting
 + Level 14.1(15.1) Dodging
 - Level 1.5(2.4) Stealth
 + Level 10.3(11.4) Spellcasting


You knew the following spells:

 Your Spells              Type           Power      Damage    Failure   Level
a - Poisonous Vapours     Pois/Air       100%       N/A       1%          2
b - Scorch                Fire           100%       2d9       1%          2
c - Ignite Poison         Fire/Tmut/Pois 74%        N/A       1%          3
d - Flame Wave            Conj/Fire      57%        2d14      1%          4
e - Inner Flame           Hex/Fire       57%        N/A       1%          3
f - Cause Fear            Hex            28%        N/A       1%          4
g - Freezing Cloud        Conj/Ice/Air   28%        6-21      1%          5
h - Foxfire               Conj/Fire      100%       2x1d9     1%          1
i - Volatile Blastmotes   Fire/Tloc      100%       2d18      1%          3
j - Beastly Appendage     Tmut           100%       N/A       1%          1
Your spell library was empty.

Inventory:

Hand Weapons
 r - a +4 hand axe of flaming
   (You took it off Terence on level 3 of the Dungeon)
Armour
 c - the cursed +0 pair of gloves of Cremastomancy (melded) {Range, Melee}
   (You found it on level 2 of the Dungeon)

   It has a curse which improves the following skills: Ranged Combat: Ranged
   Weapons and Throwing.
   Melee Combat: Short Blades, Long Blades, Axes, Maces & Flails, Polearms,
   Staves and Unarmed Combat.
 f - the cursed +0 helmet "I Foresaw This" (melded) {Fort, Cun}
   (You found it on level 1 of the Dungeon)

   It has a curse which improves the following skills: Fortitude: Armour and
   Shields.
   Cunning:   Dodging and Stealth.
 n - a +0 troll leather armour (melded)
   (You found it on level 10 of the Dungeon)
 J - a +0 robe of positive energy
   (You found it in a Gauntlet)
Magical Staves
 t - a staff of poison (weapon)
   (You found it on level 2 of the Dungeon)
 w - a staff of air
   (You found it on level 6 of the Dungeon)
Jewellery
 p - an amulet of faith (around neck)
   (You found it on level 2 of the Dungeon)
 A - the cursed ring "Perceptive Gnosis" (left branch) {rCorr, Cun, Self}
   (You found it on level 5 of the Dungeon)

   [ring of resist corrosion]

   rCorr:     It protects you from acid and corrosion.
   It has a curse which improves the following skills: Cunning: Dodging and
   Stealth.
   Introspection: Fighting and Spellcasting.
 F - a ring of see invisible (right branch)
   (You found it on level 8 of the Dungeon)
 G - a ring of ice
   (You took it off Fannar on level 11 of the Dungeon)
Wands
 y - a wand of polymorph (11)
   (You found it on level 5 of the Dungeon)
 z - a wand of charming (5)
   (You found it on level 11 of the Dungeon)
 B - a wand of mindburst (4)
   (You took it off an orc on level 12 of the Dungeon)
 D - a wand of quicksilver (10) (quivered)
   (You found it on level 8 of the Dungeon)
Scrolls
 a - a scroll of poison
 d - a scroll of butterflies
 i - 4 scrolls of immolation
 j - 2 scrolls of vulnerability
 m - 10 scrolls of teleportation
 s - 6 scrolls of identify
 E - 2 scrolls of fog
 H - a scroll of enchant armour
 I - a scroll of magic mapping
Potions
 b - a potion of berserk rage
 e - 4 potions of attraction
 h - a potion of curing
 k - 2 potions of cancellation
 l - a potion of haste
 o - 2 potions of lignification
 q - 3 potions of might
 u - a potion of invisibility
 v - a potion of mutation
 x - 2 potions of brilliance
 C - a potion of ambrosia

Dungeon Overview and Level Annotations

Branches:
Dungeon (12/15) Zot: 26633  Temple (1/1) D:6 Zot: 5716    Lair (0/5) D:11
    Orc (0/2) D:11        Gauntlet (1/1) Zot: 5496

Altars:
Ashenzari
Cheibriados
Dithmenos
Elyvilon
Fedhas
Gozag
Hepliaklqana
Makhleb
Nemelex Xobeh
Okawaru
Qazlal
Ru
Trog
Uskayaw
Wu Jian
Xom
Yredelemnul
Zin
The Shining One

Shops:
D:4 :   D:6 *   D:8 [

Portals:
Trove: D:10 (give +4 shadow dragon scales)

Annotations:
D:11 3 runed translucent doors, BlasphemerAmon's ghost, novice VSWn Gauntlet 15 transporters, 21 runed translucent doors, exclusions: 2 lightning spires and oklob plant

##### #§∩≈# ### ### ### ### #...#
#8# #8# #8# #8#
###.∩.###################
.......................≈#
....©...................###
##########.###########..#8#
..#......#.#...Y♣Y...#..###
...#.....#.#...☼wY...#....#
...#....##.#...§§§..!#....###
...©#.##.#.#...§§§..[###..#8#
...###...#.#....©...©#©#..###
.##.#....#.#.........#.#..#
#....#...#.#.........#.#..### ###
.....#...#.#...§§....#.#..#8# #8#
....©)#..#.#.........#.#..#######


You could see 3 elephants and a torpor snail.


Message History

The elephant tramples you but does no damage.
The elephant trunk-slaps you but does no damage.
The elephant barely misses you. x2
Being near the torpor snail leaves you feeling lethargic. 😨 HP[+10]
You regained 10 hp, and now have 44/132 hp.
Unknown command.
Casting: Flame Wave (mildly dangerous; 1% risk of failure)
Confirm with . or Enter, or press ? or * to list all spells.
Okay, then.
Unknown command.
Casting: Flame Wave (mildly dangerous; 1% risk of failure)
Confirm with . or Enter, or press ? or * to list all spells.
Aiming: Freezing Cloud (mildly dangerous; 1% risk of failure)
Press: ? - help, Dir - move target, f - torpor snail
Aim: a torpor snail (moderately wounded) That beam is likely to hit you.
Continue anyway?
Okay, then.
Casting: Freezing Cloud (mildly dangerous; 1% risk of failure)
Confirm with . or Enter, or press ? or * to list all spells.
Aiming: Freezing Cloud (mildly dangerous; 1% risk of failure)
Press: ? - help, Dir - move target, f/p - torpor snail
Aim: a torpor snail (moderately wounded) That beam is likely to hit you.
Continue anyway?
* * * LOW HITPOINT WARNING * * *
You feel yourself speed up. The elephant tramples you.
* * * LOW HITPOINT WARNING * * *
The elephant trunk-slaps you but does no damage.
The elephant tramples you.
* * * LOW HITPOINT WARNING * * *
The elephant trunk-slaps you but does no damage.
The elephant is engulfed in freezing vapours.
The elephant tramples you but does no damage.
The elephant trunk-slaps you but does no damage.
The elephant is engulfed in freezing vapours.
The elephant completely misses you. The elephant trunk-slaps you.
* * * LOW HITPOINT WARNING * * *
The elephant tramples you!
* * * LOW HITPOINT WARNING * * *
The elephant barely misses you.
The torpor snail is engulfed in freezing vapours.
Being near the torpor snail leaves you feeling lethargic.
The elephant tramples you but does no damage.
The elephant trunk-slaps you but does no damage.
The elephant tramples you but does no damage.
The elephant trunk-slaps you but does no damage.
The elephant is engulfed in freezing vapours.
You kill the elephant!
The elephant is engulfed in freezing vapours.
You kill the elephant!
The elephant tramples you but does no damage.
The elephant trunk-slaps you but does no damage. 😱 HP[-18]
You take 18 damage, and now have 26/132 hp.
Unknown command.
Casting: Freezing Cloud (mildly dangerous; 1% risk of failure)
Confirm with . or Enter, or press ? or * to list all spells.
You don't know that spell.
Unknown command.
Casting: Freezing Cloud (mildly dangerous; 1% risk of failure)
Confirm with . or Enter, or press ? or * to list all spells.
Okay, then.
Aiming: Quicksilver Bolt
Press: ? - help, Q - select action, (/) - cycle Shift-Dir - straight line, f - elephant, p - torpor snail
Aim: an elephant (almost dead, 100% to hit)
The bolt of dispelling energy hits the elephant!
You feel yourself speed up. The elephant completely misses you.
The elephant trunk-slaps you.
* * * LOW HITPOINT WARNING * * *
The elephant tramples you but does no damage.
The elephant trunk-slaps you but does no damage.
The elephant tramples you but does no damage.
The elephant trunk-slaps you but does no damage.
The torpor snail is engulfed in freezing vapours.
Being near the torpor snail leaves you feeling lethargic. 😱 HP[-1]
You take 1 damage, and now have 25/132 hp.
Aiming: Quicksilver Bolt
Press: ? - help, Q - select action, (/) - cycle Shift-Dir - straight line, f/p - elephant
Aim: an elephant (almost dead, 100% to hit)
The bolt of dispelling energy hits the elephant.
You feel yourself speed up. The elephant tramples you!
* * * LOW HITPOINT WARNING * * *
The elephant trunk-slaps you.
* * * LOW HITPOINT WARNING * * *
The elephant tramples you.
* * * LOW HITPOINT WARNING * * *
The elephant trunk-slaps you but does no damage.
The elephant tramples you but does no damage.
The elephant trunk-slaps you but does no damage.
The torpor snail is engulfed in freezing vapours.
The torpor snail bites you.
* * * LOW HITPOINT WARNING * * *
Being near the torpor snail leaves you feeling lethargic.
The elephant tramples you but does no damage.
The elephant trunk-slaps you but does no damage.
The elephant tramples you!
You die...

Skill      XL: |  1  2  3  4  5  6  7  8  9 10 11 12 |
---------------+-------------------------------------+-----
Dodging        | 3 4 5 6 8 10 12 13 14 | 14.1
Spellcasting   | 3 4 5 6 7 8 9 10 | 10.3
Fighting       | 2 6 7 |  7.4
Stealth        | |  1.5

Action                     |  1- 3 |  4- 6 |  7- 9 | 10-12 || total
---------------------------+-------+-------+-------+-------++-------
  Melee: Unarmed           |     9 |     1 |       |       ||    10
         Staff             |       |     1 |     3 |     2 ||     6
         Punch             |       |       |       |     1 ||     1
   Cast: Foxfire           |    46 |    61 |    10 |       ||   117
         Scorch            |    10 |    31 |    21 |     3 ||    65
         Inner Flame       |     1 |       |    14 |    11 ||    26
         Poisonous Vapours |       |    32 |   100 |   101 ||   233
         Flame Wave        |       |       |     3 |    22 ||    25
         Ignite Poison     |       |       |    42 |    51 ||    93
         Cause Fear        |       |       |     2 |     1 ||     3
         Freezing Cloud    |       |       |       |     6 ||     6
 Invoke: Curse Item        |       |       |     2 |     1 ||     3
  Evoke: Wand              |       |       |       |     2 ||     2
    Use: Scroll            |     3 |     3 |     7 |     1 ||    14
         Potion            |       |       |       |     4 ||     4
 Armour: Robe              |     3 |     3 |     6 |       ||    12
         Troll leather arm |       |       |       |    15 ||    15
         Skin              |       |       |       |    39 ||    39
  Dodge: Dodged            |    12 |    13 |    22 |   122 ||   169

Levels and vault maps discovered:
D:1:      dpeg_arrival_rooms_a, layout_loops_ring, serial_bayou_pond_e
D:2:      kennysheep_six_static_rooms, layout_basic, uniq_robin
D:3:      layout_rooms, shapermc_ecumenical_altar_hornbeckon,
          corexii_hall_statues_t, due_unseen_surprise, uniq_terence
D:4:      layout_loops_ring, lemuel_coloured_pillars_altar, trog_antimagical,
          nemelex_xobeh_ov_fountains_minmay, nicolae_overflow_squiral,
          chequers_serial_rivers_micro_a, serial_bayou_pond_d,
          nicolae_shop_vocational
D:5:      layout_rooms, mainiacjoe_overflow_24_doors,
          mainiacjoe_overflow_small_starburst
D:6:      layout_cave_pools, marbit_many_paths,
          minmay_temple_entry_statues_fountains, serial_shops,
          nicolae_shop_temple_entry_statues_fountains,
          hangedman_decor_diamond_cutter
D:7:      layout_layer_cave, nicolae_zen_rock_garden
D:8:      layout_layer_cave, serial_shops, nicolae_stop_n_shop_1
D:9:      layout_irregular_city, billiards_dpeg
D:10:     layout_basic, lemuel_zombie_altar_kikubaaqudgha, kennysheep_mini_moat,
          enter_trove_6
D:11:     layout_roguey, david_lair_generic, david_orc_4, ebering_ghost_gozag,
          uniq_fannar
D:12:     layout_rooms, gauntlet_entry_generic, uniq_gastronok
Temple:   chequers_temple_sunken
Gauntlet: gammafunk_gauntlet_one_two_three [nicolae_gauntlet_swirl,
          gammafunk_gauntlet_arena_grid, gammafunk_gauntlet_arena_open,
          gammafunk_gauntlet_arena_split_diamond,
          minmay_gauntlet_arena_make_your_own_arena,
          gammafunk_gauntlet_arena_chambers, nicolae_gauntlet_arena_t_cross,
          gammafunk_gauntlet_arena_arrow_garden,
          gammafunk_gauntlet_arena_spirals,
          nicolae_gauntlet_exit_dead_adventurers]

Notes
Turn   | Place    | Note
-------+----------+-------------------------------------------
     0 | D:1      | ytrimaz the Djinni Fire Elementalist began the quest for
                  | the Orb.
     0 | D:1      | ytrimaz set off with the following spells memorised:
                  | Foxfire, Scorch, Volatile Blastmotes, Inner Flame, Flame
                  | Wave.
     0 | D:1      | Reached XP level 1. HP: 15/15 MP: 0/0
     0 | D:1      | magus.rc [v1.9.6]
   308 | D:1      | Reached XP level 2. HP: 17/21 MP: 0/0
   858 | D:2      | Reached skill level 3 in Dodging
   858 | D:2      | Reached XP level 3. HP: 18/25 MP: 0/0
   858 | D:2      | Learned a level 1 spell: Beastly Appendage
  1051 | D:2      | Noticed Robin
  1062 | D:2      | Killed Robin
  1063 | D:2      | Reached skill level 3 in Spellcasting
  1085 | D:2      | Reached XP level 4. HP: 12/31 MP: 0/0
  1987 | D:3      | Reached XP level 5. HP: 33/35 MP: 0/0
  1987 | D:3      | Learned a level 2 spell: Poisonous Vapours
  2016 | D:3      | Reached skill level 4 in Dodging
  2146 | D:3      | Noticed Terence
  2152 | D:3      | Killed Terence
  2611 | D:3      | Found a faded altar of an unknown god.
  2731 | D:4      | Reached skill level 4 in Spellcasting
  2731 | D:4      | Reached XP level 6. HP: 30/40 MP: 0/0
  2791 | D:4      | Reached skill level 5 in Dodging
  2846 | D:4      | Found a glowing silver altar of Zin.
  2847 | D:4      | Found a hide-covered altar of Uskayaw.
  3009 | D:4      | Found a sparkling altar of Nemelex Xobeh.
  3099 | D:4      | Noticed an ogre
  3108 | D:4      | Killed an ogre
  3109 | D:4      | Reached XP level 7. HP: 31/45 MP: 0/0
  3109 | D:4      | Learned a level 3 spell: Ignite Poison
  3165 | D:4      | Found a glowing golden altar of the Shining One.
  3328 | D:4      | Found a bloodstained altar of Trog.
  3389 | D:4      | Found Luddeal's Vocational Training.
  3394 | D:4      | Reached skill level 6 in Dodging
  3598 | D:5      | Entered Level 5 of the Dungeon
  3763 | D:5      | Found a sacrificial altar of Ru.
  3864 | D:5      | Noticed a water moccasin
  4013 | D:5      | Killed a water moccasin
  4014 | D:5      | Reached skill level 5 in Spellcasting
  4014 | D:5      | Reached XP level 8. HP: 36/50 MP: 0/0
  4146 | D:5      | Found a snail-covered altar of Cheibriados.
  4468 | D:6      | Reached skill level 7 in Dodging
  4510 | D:6      | Found a staircase to the Ecumenical Temple.
  4524 | Temple   | Entered the Ecumenical Temple
  4777 | D:6      | Found Omegeumm's General Store.
  4871 | D:6      | Bought a potion of lignification for 39 gold pieces
  4871 | D:6      | Bought a scroll of identify for 26 gold pieces
  5078 | D:6      | Reached skill level 8 in Dodging
  5172 | D:6      | Reached skill level 6 in Spellcasting
  5280 | D:6      | Reached XP level 9. HP: 45/55 MP: 0/0
  5280 | D:6      | Learned a level 4 spell: Cause Fear
  5321 | D:6      | Found a basalt altar of Yredelemnul.
  5722 | D:7      | Reached skill level 9 in Dodging
  6267 | D:7      | Reached skill level 7 in Spellcasting
  6894 | Temple   | Became a worshipper of Ashenzari the Shackled
  7139 | D:8      | Found Ubracye's Armour Boutique.
  7811 | D:8      | Reached skill level 10 in Dodging
  7987 | D:8      | Reached * piety under Ashenzari
  8471 | D:9      | Reached XP level 10. HP: 55/60 MP: 0/0
  8627 | D:9      | Identified the Spellbook of Combustion and Frost
  8659 | D:9      | Reached skill level 11 in Dodging
  8659 | D:9      | Reached skill level 8 in Spellcasting
  8699 | D:9      | Noticed a two-headed ogre
  8702 | D:9      | Killed a two-headed ogre
  8979 | D:9      | Reached ** piety under Ashenzari
  9368 | D:10     | Entered Level 10 of the Dungeon
  9458 | D:10     | Found a stormy altar of Qazlal.
  9634 | D:10     | Reached skill level 1 in Fighting
  9826 | D:10     | Identified the +2 scale mail of Cosmew {Str+2 Slay+2}
  9891 | D:10     | Reached skill level 2 in Fighting
  9891 | D:10     | Reached skill level 12 in Dodging
  9897 | D:10     | Reached XP level 11. HP: 67/71 MP: 0/0
  9897 | D:10     | Learned a level 5 spell: Freezing Cloud
  9904 | D:10     | Reached skill level 3 in Fighting
  9904 | D:10     | Reached skill level 9 in Spellcasting
 10034 | D:10     | Found a portal to a secret trove of treasure.
 10038 | D:10     | This trove needs +4 shadow dragon scales to function. Give
                  | it the item?
 10366 | D:11     | Reached skill level 4 in Fighting
 10394 | D:11     | Found a staircase to the Lair.
 10425 | D:11     | Noticed Fannar
 10428 | D:11     | Killed Fannar
 10501 | D:11     | Found a runed translucent gate.
 10645 | D:11     | Found a runed translucent gate.
 10645 | D:11     | Found a runed translucent gate.
 10647 | D:11     | Found an opulent altar of Gozag.
 10651 | D:11     | Noticed BlasphemerAmon's ghost (novice VSWn)
 10651 | D:11     | Noticed an ogre mage
 10716 | D:11     | Noticed a manticore
 10724 | D:11     | Killed a manticore
 10729 | D:11     | Reached skill level 5 in Fighting
 10808 | D:11     | Reached skill level 13 in Dodging
 10888 | D:11     | Found a staircase to the Orcish Mines.
 11001 | D:12     | Noticed a manticore
 11064 | D:12     | HP: 17/78 [centaur/arrow (15)]
 11128 | D:12     | Noticed Gastronok
 11137 | D:12     | Killed Gastronok
 11176 | D:12     | Reached skill level 6 in Fighting
 11176 | D:12     | Reached XP level 12. HP: 41/85 MP: 0/0
 11183 | D:12     | Noticed a boulder beetle
 11187 | D:12     | Killed a boulder beetle
 11202 | D:12     | Found a gate leading to a gauntlet.
 11225 | D:12     | Reached skill level 10 in Spellcasting
 11251 | D:12     | HP: 16/86 [slime creature (13)]
 11341 | D:12     | Reached skill level 7 in Fighting
 11364 | Gauntlet | Entered a Gauntlet
 11364 | Gauntlet | Found a transporter.
 11401 | Gauntlet | Found a transporter.
 11401 | Gauntlet | Found a transporter.
 11403 | Gauntlet | Found a transporter.
 11416 | Gauntlet | Found a transporter.
 11431 | Gauntlet | Found a transporter.
 11436 | Gauntlet | Found a transporter.
 11451 | Gauntlet | Found a transporter.
 11472 | Gauntlet | Found a transporter.
 11475 | Gauntlet | Identified the +4 pair of gloves of Depression {rF++}
 11484 | Gauntlet | Found a transporter.
 11486 | Gauntlet | Noticed a dire elephant
 11514 | Gauntlet | Found a transporter.
 11522 | Gauntlet | Found a large runed translucent door.
 11523 | Gauntlet | Found a large runed translucent door.
 11524 | Gauntlet | Found a large runed translucent door.
 11524 | Gauntlet | Found a large runed translucent door.
 11524 | Gauntlet | Identified the +3 leather armour "Jeedadummo" {Fly rF+}
 11525 | Gauntlet | Found a runed translucent gate.
 11526 | Gauntlet | Found a transporter.
 11526 | Gauntlet | Found a runed translucent gate.
 11527 | Gauntlet | Found a runed translucent gate.
 11527 | Gauntlet | Found a large runed translucent door.
 11527 | Gauntlet | Found a large runed translucent door.
 11527 | Gauntlet | Found a runed translucent door.
 11527 | Gauntlet | Found a runed translucent door.
 11528 | Gauntlet | Found a large runed translucent door.
 11529 | Gauntlet | Found a large runed translucent door.
 11531 | Gauntlet | Found a transporter.
 11531 | Gauntlet | Found a transporter.
 11533 | Gauntlet | Found a transporter.
 11537 | Gauntlet | Noticed an eight-headed hydra
 11544 | Gauntlet | Found a large runed translucent door.
 11544 | Gauntlet | Found a large runed translucent door.
 11545 | Gauntlet | Found a large runed translucent door.
 11546 | Gauntlet | Found a large runed translucent door.
 11553 | Gauntlet | Identified the +1 leather armour of Zanoal {Harm Str+3
                  | Int-4}
 11554 | Gauntlet | Found a transporter.
 11555 | Gauntlet | Found the +0 pair of fencer's gloves {Riposte Dex+3}
 11559 | Gauntlet | Noticed a quicksilver ooze
 11571 | Gauntlet | Found a transporter.
 11584 | Gauntlet | Found a large runed translucent door.
 11585 | Gauntlet | Found a large runed translucent door.
 11586 | Gauntlet | Found a large runed translucent door.
 11586 | Gauntlet | Found a large runed translucent door.
 11590 | Gauntlet | Found a transporter.
 11715 | Gauntlet | magus.rc [v1.9.6]
 11853 | Gauntlet | HP: 20/88 [elephant (5)]
 11854 | Gauntlet | Reached skill level 14 in Dodging
 11858 | Gauntlet | HP: 26/132 [elephant (8)]
 11860 | Gauntlet | HP: 9/132 [elephant (5)]
 11860 | Gauntlet | Slain by an elephant

Vanquished Creatures
  Gastronok (D:12)
  Fannar (D:11)
  A boulder beetle (D:12)
  A two-headed ogre (D:9)
  A cyclops (D:12)
  2 manticores
  3 elephants (Gauntlet)
  2 trolls
  6 slime creatures
  A shadow (D:10)
  A wyvern (D:11)
  18 yaks
  A basilisk (D:11)
  2 chaos spawn (Gauntlet)
  A neqoxec (Gauntlet)
  8 vampire mosquitoes
  A steam dragon (D:10)
  2 water moccasins
  A sky beast (D:6)
  2 black bears
  8 orc warriors
  An ice beast (D:7)
  3 ogres
  9 centaurs
  2 kobold brigands
  A gnoll sergeant (D:7)
  4 bullfrogs
  5 scorpions
  4 howler monkeys
  8 orc priests
  A gnoll bouda (D:7)
  2 hounds (D:6)
  2 sleepcaps
  6 iguanas
  Terence (D:3)
  13 orc wizards
  Robin (D:2)
  9 gnolls (D:7)
  9 adders
  3 shadow imps
  2 white imps
  5 dart slugs
  2 worms (D:2)
  31 orcs
  3 bats (D:2)
  A bat zombie (D:10)
  2 endoplasms
  2 giant cockroaches
  11 goblins
  8 hobgoblins
  3 jackals
  2 quokkas
  8 ball pythons
  2 frilled lizards
  16 kobolds
  3 rats
  2 rat zombies (D:10)
251 creatures vanquished.

Vanquished Creatures (others)
  181 foxfires
  8 fungi (Gauntlet)
  7 plants
196 creatures vanquished.

Grand Total: 447 creatures vanquished

Table legend:
 A = Non-vault XP
 B = Vault XP
 C = Vault XP percentage of total XP
 D = Non-vault monster count
 E = Vault monster count
 F = Vault count percentage of total count
                 A         B        C        D         E       F
            +---------+---------+-------+---------+---------+-------
      Total |   15492 |    6376 |  29.2 |     196 |      55 |  21.9
            +---------+---------+-------+---------+---------+-------
        D:1 |      21 |       0 |   0.0 |      11 |       0 |   0.0
        D:2 |      65 |      44 |  40.4 |      15 |      14 |  48.3
        D:3 |      86 |      36 |  29.5 |      15 |       1 |   6.2
        D:4 |     437 |       5 |   1.1 |      15 |       3 |  16.7
        D:5 |     429 |       0 |   0.0 |      13 |       0 |   0.0
        D:6 |     840 |     133 |  13.7 |      18 |       1 |   5.3
        D:7 |    1083 |       0 |   0.0 |      24 |       0 |   0.0
        D:8 |     727 |       0 |   0.0 |      16 |       0 |   0.0
        D:9 |    1910 |     272 |  12.5 |      14 |       3 |  17.6
       D:10 |    2971 |       4 |   0.1 |      24 |       3 |  11.1
       D:11 |    2186 |    2402 |  52.4 |       9 |      23 |  71.9
       D:12 |    4737 |    1455 |  23.5 |      22 |       1 |   4.3
   Gauntlet |       0 |    2025 | 100.0 |       0 |       6 | 100.0
            +---------+---------+-------+---------+---------+-------

Skill      XL: |  1  2  3  4  5  6  7  8  9 10 11 12 |
---------------+-------------------------------------+-----
Dodging        | 3 4 5 6 8 10 12 13 14 | 14.1
Spellcasting   | 3 4 5 6 7 8 9 10 | 10.3
Fighting       | 2 6 7 |  7.4
Stealth        | |  1.5

Action                     |  1- 3 |  4- 6 |  7- 9 | 10-12 || total
---------------------------+-------+-------+-------+-------++-------
  Melee: Unarmed           |     9 |     1 |       |       ||    10
         Staff             |       |     1 |     3 |     2 ||     6
         Punch             |       |       |       |     1 ||     1
   Cast: Foxfire           |    46 |    61 |    10 |       ||   117
         Scorch            |    10 |    31 |    21 |     3 ||    65
         Inner Flame       |     1 |       |    14 |    11 ||    26
         Poisonous Vapours |       |    32 |   100 |   101 ||   233
         Flame Wave        |       |       |     3 |    22 ||    25
         Ignite Poison     |       |       |    42 |    51 ||    93
         Cause Fear        |       |       |     2 |     1 ||     3
         Freezing Cloud    |       |       |       |     6 ||     6
 Invoke: Curse Item        |       |       |     2 |     1 ||     3
  Evoke: Wand              |       |       |       |     2 ||     2
    Use: Scroll            |     3 |     3 |     7 |     1 ||    14
         Potion            |       |       |       |     4 ||     4
 Armour: Robe              |     3 |     3 |     6 |       ||    12
         Troll leather arm |       |       |       |    15 ||    15
         Skin              |       |       |       |    39 ||    39
  Dodge: Dodged            |    12 |    13 |    22 |   122 ||   169

Illustrated notes

Table legend:
 A = Kills in this place as a percentage of kills in the entire game.
 B = Kills by you in this place as a percentage of kills by you in the entire game.
 C = Kills by friends in this place as a percentage of kills by friends in the entire game.
 D = Other kills in this place as a percentage of other kills in the entire game.
 E = Experience gained in this place as a percentage of experience gained in the entire game.
 F = Experience gained in this place divided by the number of levels of this place that you have seen.
                   A       B       C       D       E      F
               +-------+-------+-------+-------+-------+----------------------
         Total | 100.0 | 100.0 |   N/A |   N/A | 100.0 | 1562.0
       Dungeon |  97.6 |  97.6 |   N/A |   N/A |  90.7 | 1653.6
      Gauntlet |   2.4 |   2.4 |   N/A |   N/A |   9.3 | 2025.0
               +-------+-------+-------+-------+-------+----------------------

Table legend: (Time is in decaauts)
 A = Elapsed time spent in this place.
 B = Non-inter-level travel time spent in this place.
 C = Inter-level travel time spent in this place.
 D = Time resting spent in this place.
 E = Time spent auto-exploring this place.
 F = Levels seen in this place.
 G = Mean time per level.
                   A        B        C        D        E       F      G
               +--------+--------+--------+--------+--------+-----+--------+
         Total |  11869 |  11397 |    472 |    320 |   9480 |  14 |  847.8 |
       Dungeon |  11084 |  10647 |    437 |    291 |   8961 |  12 |  923.7 |
        Temple |    283 |    248 |     35 |      0 |    197 |   1 |  283.0 |
      Gauntlet |    502 |    502 |      0 |     29 |    322 |   1 |  502.0 |
               +--------+--------+--------+--------+--------+-----+--------+

Top non-repeatable levels by time:
     D:8: 1501 daAuts
     D:7: 1339 daAuts
     D:2: 1139 daAuts
     D:4: 956 daAuts
    D:10: 954 daAuts
     D:9: 916 daAuts
     D:6: 886 daAuts
    D:11: 849 daAuts
     D:5: 843 daAuts
     D:1: 840 daAuts
     D:3: 661 daAuts
Gauntlet: 502 daAuts
  Temple: 283 daAuts
    D:12: 195 daAuts
